2825 views
Uploaded 2020-03-13 17:02:51
Game version 1.32.2
4:01 long 4on4 ladder game on (8)GolemsInTheMist_LV
Saved by Teelo
2825 views
Uploaded 2020-03-13 17:02:51
Game version 1.32.2
4:01 long 4on4 ladder game on (8)GolemsInTheMist_LV

33 units @ 3.3k
/ 0.1k
20 buildings @ 3.2k
/ 0.9k

| Rod of Necromancy | 1 | 150 |
| total: | 1 | 150g |
| Acolyte | 3 | 225 | / | 0 |
| Ghoul | 6 | 720 | / | 0 |
| total: | 9 | 945g | / | 0w |
| Nerubian Tower | 1 | 100 | / | 20 |
| Altar of Darkness | 1 | 180 | / | 50 |
| Crypt | 1 | 200 | / | 50 |
| Ziggurat | 3 | 450 | / | 150 |
| Tomb of Relics | 1 | 130 | / | 30 |
| total: | 6 | 960g | / | 280w |
| 0:04 | Acolyte |
| 0:08 | Altar of Darkness |
| 0:11 | Crypt |
| 0:16 | Acolyte |
| 0:33 | Ziggurat |
| 0:52 | Acolyte |
| 1:15 | Ziggurat |
| 1:21 | Tomb of Relics |
| 1:27 | Ghoul |
| 1:38 | Nerubian Tower |
| 1:48 | Ghoul |
| 2:00 | Ghoul |
| 2:18 | Ziggurat |
| 2:33 | Rod of Necromancy |
| 2:43 | Ghoul |
| 2:56 | Carrion Swarm |
| 3:11 | Ghoul |
| 3:24 | Ghoul |
| Right click | 127 |
| Select | 80 |
| Chat | 76 |
| Build/train/purchase | 17 |
| Misc. action | 9 |
| Assign group | 2 |
| Use ability | 1 |
| Select group | 1 |

| Acolyte | 3 | 225 | / | 0 |
| Crypt Fiend | 2 | 430 | / | 80 |
| Ghoul | 4 | 480 | / | 0 |
| total: | 9 | 1135g | / | 80w |
| Nerubian Tower | 1 | 100 | / | 20 |
| Spirit Tower | 1 | 145 | / | 40 |
| Graveyard | 1 | 215 | / | 0 |
| Crypt | 1 | 200 | / | 50 |
| Altar of Darkness | 1 | 180 | / | 50 |
| Ziggurat | 2 | 300 | / | 100 |
| Tomb of Relics | 1 | 130 | / | 30 |
| total: | 6 | 1025g | / | 230w |
| 0:28 | Acolyte |
| 0:28 | Acolyte |
| 0:33 | Graveyard |
| 0:41 | Crypt |
| 0:48 | Acolyte |
| 1:12 | Altar of Darkness |
| 1:33 | Ziggurat |
| 1:55 | Crypt Fiend |
| 1:55 | Crypt Fiend |
| 1:56 | Ghoul |
| 1:56 | Ghoul |
| 2:18 | Tomb of Relics |
| 2:40 | Ziggurat |
| 2:59 | Ghoul |
| 2:59 | Ghoul |
| 3:12 | Nerubian Tower |
| 3:32 | Death Coil |
| 3:37 | Spirit Tower |
| Right click | 85 |
| Select | 63 |
| Chat | 36 |
| Build/train/purchase | 13 |
| Remove unit | 2 |
| Assign group | 1 |
| Acolyte | 2 | 150 | / | 0 |
| total: | 2 | 150g | / | 0w |
| 2:20 | Acolyte |
| 2:20 | Acolyte |
| Chat | 34 |
| Minimap ping | 19 |
| Right click | 12 |
| Select | 8 |
| Build/train/purchase | 2 |

| Wisp | 9 | 540 | / | 0 |
| Archer | 4 | 520 | / | 40 |
| total: | 13 | 1060g | / | 40w |
| Altar of Elders | 1 | 180 | / | 50 |
| Moon Well | 3 | 540 | / | 120 |
| Ancient of War | 3 | 450 | / | 180 |
| Ancient of Wonders | 1 | 90 | / | 30 |
| total: | 8 | 1260g | / | 380w |
| 0:04 | Wisp |
| 0:05 | Wisp |
| 0:05 | Wisp |
| 0:24 | Altar of Elders |
| 0:38 | Moon Well |
| 0:48 | Wisp |
| 0:49 | Wisp |
| 0:52 | Ancient of War |
| 1:06 | Wisp |
| 1:06 | Wisp |
| 1:32 | Wisp |
| 1:32 | Wisp |
| 1:42 | Moon Well |
| 1:56 | Archer |
| 2:15 | Moon Well |
| 2:20 | Ancient of Wonders |
| 2:30 | Force of Nature |
| 2:38 | Archer |
| 2:38 | Archer |
| 2:53 | Ancient of War |
| 2:55 | Ancient of War |
| 3:15 | Archer |
| Chat | 110 |
| Select group | 59 |
| Right click | 47 |
| Select | 32 |
| Assign group | 18 |
| Misc. action | 15 |
| Build/train/purchase | 15 |
| Use ability | 3 |
| Minimap ping | 1 |
38 units @ 3.7k
/ 0k
23 buildings @ 3.5k
/ 0.8k

| Peasant | 8 | 600 | / | 0 |
| Footman | 5 | 675 | / | 0 |
| Rifleman | 1 | 205 | / | 30 |
| total: | 14 | 1480g | / | 30w |
| Altar of Kings | 1 | 180 | / | 50 |
| Farm | 4 | 320 | / | 80 |
| Barracks | 1 | 160 | / | 60 |
| Blacksmith | 1 | 140 | / | 60 |
| total: | 7 | 800g | / | 250w |
| 0:07 | Peasant |
| 0:07 | Peasant |
| 0:07 | Peasant |
| 0:07 | Peasant |
| 0:07 | Peasant |
| 0:08 | Peasant |
| 0:10 | Peasant |
| 0:16 | Peasant |
| 0:35 | Altar of Kings |
| 0:58 | Farm |
| 1:24 | Barracks |
| 1:53 | Farm |
| 2:24 | Blacksmith |
| 2:37 | Farm |
| 2:41 | Footman |
| 2:42 | Footman |
| 2:42 | Footman |
| 2:44 | Footman |
| 2:49 | Holy Light |
| 3:07 | Footman |
| 3:25 | Farm |
| 3:37 | Rifleman |
| Chat | 99 |
| Right click | 67 |
| Select | 45 |
| Build/train/purchase | 17 |
| Select group | 2 |
| Esc | 2 |
| Assign group | 1 |
| Misc. action | 1 |

| Healing Salve | 1 | 100 |
| Lesser Clarity Potion | 1 | 70 |
| Scroll of Speed | 1 | 50 |
| total: | 3 | 220g |
| Peon | 7 | 525 | / | 0 |
| total: | 7 | 525g | / | 0w |
| Altar of Storms | 1 | 180 | / | 50 |
| Orc Burrow | 2 | 320 | / | 80 |
| Voodoo Lounge | 1 | 130 | / | 30 |
| War Mill | 1 | 205 | / | 0 |
| total: | 5 | 835g | / | 160w |
| 1:08 | Peon |
| 1:09 | Peon |
| 1:15 | Altar of Storms |
| 1:19 | Orc Burrow |
| 1:34 | Peon |
| 1:41 | Peon |
| 1:56 | Peon |
| 2:13 | Voodoo Lounge |
| 2:31 | War Mill |
| 2:38 | Orc Burrow |
| 2:53 | Peon |
| 2:53 | Peon |
| 3:20 | Wind Walk |
| 3:22 | Healing Salve |
| 3:22 | Lesser Clarity Potion |
| 3:23 | Scroll of Speed |
| Select | 51 |
| Right click | 25 |
| Build/train/purchase | 13 |
| Select group | 10 |
| Assign group | 1 |

| Peon | 4 | 300 | / | 0 |
| total: | 4 | 300g | / | 0w |
| Orc Burrow | 2 | 320 | / | 80 |
| Altar of Storms | 1 | 180 | / | 50 |
| Barracks | 1 | 180 | / | 50 |
| total: | 4 | 680g | / | 180w |
| 0:10 | Orc Burrow |
| 0:13 | Orc Burrow |
| 0:25 | Altar of Storms |
| 1:45 | Peon |
| 1:46 | Peon |
| 1:47 | Peon |
| 1:47 | Peon |
| 2:25 | Barracks |
| 2:42 | Wind Walk |
| Select | 21 |
| Misc. action | 7 |
| Use ability | 7 |
| Build/train/purchase | 6 |

| Peon | 10 | 750 | / | 0 |
| Grunt | 3 | 600 | / | 0 |
| total: | 13 | 1350g | / | 0w |
| Altar of Storms | 1 | 180 | / | 50 |
| Orc Burrow | 3 | 480 | / | 120 |
| Barracks | 1 | 180 | / | 50 |
| Voodoo Lounge | 1 | 130 | / | 30 |
| War Mill | 1 | 205 | / | 0 |
| total: | 7 | 1175g | / | 250w |
| 0:04 | Peon |
| 0:04 | Peon |
| 0:05 | Peon |
| 0:09 | Altar of Storms |
| 0:15 | Orc Burrow |
| 0:39 | Barracks |
| 0:52 | Peon |
| 0:52 | Peon |
| 0:57 | Peon |
| 1:28 | Peon |
| 1:29 | Peon |
| 1:41 | Grunt |
| 1:55 | Orc Burrow |
| 2:05 | Voodoo Lounge |
| 2:21 | Wind Walk |
| 2:30 | War Mill |
| 2:48 | Grunt |
| 2:52 | Peon |
| 3:46 | Grunt |
| 3:50 | Orc Burrow |
| 3:52 | Steel Melee Weapons |
| 3:53 | Peon |
| Chat | 94 |
| Right click | 51 |
| Select | 51 |
| Build/train/purchase | 20 |
| Assign group | 2 |
| Minimap ping | 1 |
⇛